 Dungeon Crawl Stone Soup version 0.31-a0-876-gfe8ebadbca (webtiles) character file.

Game seed: 7194954642739539674

177 BinkBink the Chopper (level 5, -3/47 HPs)
             Began as a Minotaur Fighter on Oct 13, 2023.
             Slain by a gnoll
             ... wielding a +0 halberd
              (14 damage)
             ... on level 4 of the Dungeon.
             The game lasted 00:02:39 (1900 turns).

BinkBink the Chopper (Minotaur Fighter)             Turns: 1900, Time: 00:02:40

Health: -3/47      AC:  7    Str: 27    XL:     5   Next: 31%
Magic:  4/4        EV:  9    Int:  5    God:
Gold:   104        SH:  4    Dex:  9    Spells: 4/4 levels left

rFire   . . .        a - +0 war axe
rCold   . . .        c - +0 buckler
rNeg    + . .        b - +0 scale mail
rPois   +            (helmet currently unavailable)
rElec   .            (cloak currently unavailable)
rCorr   .            (gloves currently unavailable)
SInv    .            (boots currently unavailable)
Will    .....        (no amulet) Stlth
                     p - ring of Zulliw {rPois rN+ Str+4}
HPRegen 0.27/turn    (no ring)
MPRegen 0.09/turn

%: no passive effects
@: beast-form
A: beast (slay +0), horns 2, retaliatory headbutt
a: Begin Untransformation


You were on level 4 of the Dungeon.
You were a hulking beast.
You visited 1 branch of the dungeon, and saw 4 of its levels.

You collected 104 gold pieces.

Inventory:

Hand Weapons
 a - a +0 war axe (weapon)
Armour
 b - a +0 scale mail (worn)
 c - a +0 buckler (worn)
Jewellery
 i - a +6 ring of intelligence
 o - a ring of poison resistance
 p - the ring of Zulliw (left hand) {rPois rN+ Str+4}
   (You found it on level 3 of the Dungeon)

   [ring of poison resistance]

   Str+4:     It affects your strength (+4).
   rPois:     It protects you from poison rN+: It protects you from negative
   energy.
 q - a ring of see invisible
Talismans
 r - a beast talisman (active)
Wands
 n - a wand of acid (10)
Scrolls
 e - 2 scrolls of identify {unknown}
 f - a scroll of brand weapon {unknown}
 g - 3 scrolls of fear {unknown}
 l - 2 scrolls of immolation
 m - a scroll of enchant armour {unknown}
Potions
 d - a potion of might
 h - a potion of lignification {unknown}
 j - 2 potions of curing {unknown}
 k - a potion of magic {unknown}


   Skills:
 + Level 4.6 Fighting
 * Level 4.6 Axes
 + Level 4.5 Armour
 + Level 4.5 Shields


You had 4 spell levels left.
You didn't know any spells.
Your spell library contained the following spells:

 Spells                   Type           Power      Damage    Failure   Level
 Lesser Beckoning         Tloc           0%         N/A       90%         2
 Gell's Gravitas          Tloc           0%         N/A       99%         3
 Teleport Other           Tloc           0%         N/A       99%         3
 Haunt                    Necr/Summ      0%         N/A       100%        7
 Borgnjor's Revivificati  Necr           0%         N/A       100%        8
 Death's Door             Necr           0%         N/A       100%        9


Dungeon Overview and Level Annotations

Branches:
Dungeon (4/15)
 Temple: D:4-7

Altars:
Makhleb
Sif Muna

Shops:
D:1 =


Innate Abilities, Weirdness & Mutations

You are a hulking beast.
Your limbs bulge with bestial killing power. (Slay +0)
You have a pair of horns on your head.
You reflexively headbutt those who attack you in melee.


Message History

A goblin comes into view. It is wielding a +0 club.
You hear a bark!
A hound comes into view.
The hound barks!
The goblin shoots a sling bullet.
The sling bullet barely misses you.
Found a scroll labelled ETOUCR FIOPT.
The goblin unwields a +0 sling.
The goblin wields a +0 club.
The goblin hits you with a +0 club.
You closely miss the goblin.
A gnoll comes into view. It is wielding a +0 halberd.
The gnoll barely misses you.
Something hits the plant.
The plant begins to die.
The goblin hits you but does no damage.
The gnoll moves out of view.
You hit the hound. Your headbutt misses the hound.
The hound is lightly wounded.
You hit the goblin.
You kill the goblin!
You block the hound's attack.
The gnoll hits you from afar with a +0 halberd.
The hound bites you but does no damage.
You hit the hound.
The hound is lightly wounded.
You barely miss the goblin. The hound bites you. The gnoll closely misses you.
The goblin hits you with a +0 club. The hound barely misses you.
The gnoll barely misses you. The goblin hits you with a +0 club.
You barely miss the hound.
The hound is lightly wounded.
You barely miss the goblin. The hound barely misses you.
The gnoll hits you from afar with a +0 halberd!
* * * LOW HITPOINT WARNING * * *
The goblin hits you but does no damage. The hound bites you but does no damage.
You are too injured to fight recklessly!
Unknown command.
A nearby plant withers and dies.
A gnoll comes into view. It is wielding a +0 halberd.
The goblin attacks as it pursues you! The goblin hits you with a +0 club.
* * * LOW HITPOINT WARNING * * *
A gnoll comes into view. It is wielding a +0 halberd.
The hound barely misses you. The hound bites you but does no damage.
The gnoll hits you from afar with a +0 halberd!
You die...

...............
................
................
.................
.............##.##
............##...#
..................##
..........<........?
.........h.........
.......†.hg.......
##..##...g.)......
#....###.........P
..#..#.##........#gP
.....?....#.....##
..........#...g##
PPPPP.P..#....#..
PPPPPPP(......##g#


You could see a hound, 2 gnolls and a goblin.

Vanquished Creatures
  A bullfrog (D:3)
  A sleepcap (D:4)
  2 adders
  A worm (D:2)
  A dart slug (D:1)
  An orc (D:3)
  5 ball pythons
  6 endoplasms
  8 giant cockroaches (D:2)
  2 goblins
  5 hobgoblins
  2 jackals (D:2)
  3 kobolds
  2 quokkas (D:2)
  4 bats
  3 frilled lizards
  16 rats
63 creatures vanquished.

Notes
Turn   | Place    | Note
-------+----------+-------------------------------------------
     0 | D:1      | BinkBink the Minotaur Fighter began the quest for the Orb.
     0 | D:1      | Reached XP level 1. HP: 19/19 MP: 0/0
   269 | D:1      | Reached XP level 2. HP: 27/27 MP: 1/1
   521 | D:1      | Found Oxitor's Jewellery Emporium.
   937 | D:2      | Reached XP level 3. HP: 28/33 MP: 2/2
  1055 | D:2      | Found a burning altar of Makhleb.
  1211 | D:2      | Found a faded altar of an unknown god.
  1426 | D:3      | Reached XP level 4. HP: 40/40 MP: 3/3
  1563 | D:3      | Noticed a bullfrog
  1567 | D:3      | Killed a bullfrog
  1619 | D:3      | Identified the ring of Zulliw {rPois rN+ Str+4}
  1648 | D:3      | Reached XP level 5. HP: 47/47 MP: 4/4
  1877 | D:4      | Found a shimmering blue altar of Sif Muna.
  1900 | D:4      | Slain by a gnoll

Illustrated notes

Levels and vault maps discovered:
D:1:      roderic_crop_circles_arrival_small, layout_loops_corners,
          serial_shops, nicolae_shop_window_shopping, minmay_rat_gold_closets
D:2:      layout_rooms, basic_altar, hellmonk_ecumenical_altar_blasted,
          minmay_worlds_worst_comb
D:3:      layout_basic, st_stairs_3, hex_tiny
D:4:      layout_cave_pools, mainiacjoe_overflow_chevrons, fountainhead,
          dreamdust_gnoll_farm

Skill      XL: |  1  2  3  4 |
---------------+-------------+-----
Axes           | 3 4 |  4.6
Fighting       | 4 |  4.6
Armour         | 4 |  4.5
Shields        | 4 |  4.5

Action                     |  1- 3 |  4- 6 || total
---------------------------+-------+-------++-------
  Melee: War axe           |    86 |    37 ||   123
         Headbutt          |    10 |     9 ||    19
 Armour: Scale mail        |    41 |    30 ||    71
  Dodge: Dodged            |    40 |    22 ||    62
  Block: Buckler           |    20 |     9 ||    29
   Form: Beast             |       |     1 ||     1

Table legend: (Time is in decaauts)
 A = Elapsed time spent in this place.
 B = Non-inter-level travel time spent in this place.
 C = Inter-level travel time spent in this place.
 D = Time resting spent in this place.
 E = Time spent auto-exploring this place.
 F = Levels seen in this place.
 G = Mean time per level.
                   A        B        C        D        E       F      G
               +--------+--------+--------+--------+--------+-----+--------+
         Total |   1941 |   1870 |     71 |      0 |   1510 |   4 |  485.2 |
       Dungeon |   1941 |   1870 |     71 |      0 |   1510 |   4 |  485.2 |
               +--------+--------+--------+--------+--------+-----+--------+

Top non-repeatable levels by time:
     D:1: 942 daAuts
     D:3: 502 daAuts
     D:2: 463 daAuts
     D:4: 34 daAuts
